 Dungeon Crawl Stone Soup version 0.31.0-32-g396128a36d (webtiles) character file.

Game seed: 16996005582416341778

4 Gabide the Ducker (level 1, -2/14 HPs)
             Began as a Demigod Wanderer on Apr 23, 2024.
             Slain by a hobgoblin (4 damage)
             ... on level 1 of the Dungeon.
             The game lasted 00:01:12 (185 turns).

Gabide the Ducker (Demigod Wanderer)                 Turns: 185, Time: 00:01:12

Health: -2/14      AC:  3    Str: 14    XL:     1   Next: 46%
Magic:  5/5        EV: 11    Int: 13    God:
Gold:   5          SH:  0    Dex: 13    Spells: 3/3 levels left

rFire   . . .        a - +0 short sword
rCold   . . .        (no shield)
rNeg    . . .        d - +0 leather armour
rPois   .            (no helmet)
rElec   .            (no cloak)
rCorr   .            (no gloves)
SInv    .            (no boots)
Will    .....        (no amulet)
Stlth   +            (no ring)
HPRegen 0.22/turn    (no ring)
MPRegen 0.09/turn

%: no passive effects
@: no status effects
A: high MP 1, forlorn, divine attributes
a: no special abilities


You were on level 1 of the Dungeon.
You visited 1 branch of the dungeon, and saw 1 of its levels.

You collected 5 gold pieces.

Inventory:

Hand Weapons
 a - a +0 short sword (weapon)
Missiles
 b - 9 poisoned darts (quivered)
Armour
 d - a +0 leather armour (worn)
Scrolls
 e - a scroll of amnesia {unknown}
 g - 3 scrolls of identify {unknown}
Potions
 c - a potion of attraction
 f - a potion of cancellation {unknown}


   Skills:
 + Level 0.2 Fighting
 - Level 1.0 Throwing
 - Level 1.0 Armour
 + Level 1.8 Dodging
 + Level 1.8 Spellcasting
 + Level 1.8 Hexes
 + Level 1.8 Fire Magic


You had 3 spell levels left.
You didn't know any spells.
Your spell library contained the following spells:

 Spells                   Type           Power      Damage    Failure   Level
 Slow                     Hex            24%        N/A       14%         1
 Foxfire                  Conj/Fire      12%        2x1d4     22%         1
 Confusing Touch          Hex            6%         N/A       41%         3
 Inner Flame              Hex/Fire       6%         N/A       41%         3
 Tukima's Dance           Hex            6%         N/A       41%         3
 Animate Dead             Necr           1%         N/A       97%         4
 Haunt                    Necr/Summ      0%         N/A       100%        7
 Infestation              Necr           0%         N/A       100%        8


Dungeon Overview and Level Annotations

Branches:
Dungeon (1/15)


Innate Abilities, Weirdness & Mutations

You have an increased reservoir of magic. (+10% MP)
You shall have no god before yourself.
Your divine heritage dramatically boosts your attributes as you level up.


Message History

The endoplasm quivers.
The bat hits you but does no damage. The hobgoblin hits you.
You barely miss the hobgoblin. The bat misses you.
The hobgoblin barely misses you.
You barely miss the hobgoblin. The bat hits you but does no damage.
The hobgoblin barely misses you.
You barely miss the hobgoblin. The bat closely misses you.
The hobgoblin hits you.
You miss the bat. The bat hits you. The bat closely misses you.
The hobgoblin hits you.
* * * LOW HITPOINT WARNING * * *
You are too injured to fight recklessly!
You are too injured to fight recklessly!
You are too injured to fight recklessly!
You are too injured to fight recklessly!
You are too injured to fight recklessly!
You are too injured to fight recklessly!
You are too injured to fight recklessly!
You are too injured to fight recklessly!
You are too injured to fight recklessly!
You are too injured to fight recklessly!
You are too injured to fight recklessly!
You are too injured to fight recklessly!
You are too injured to fight recklessly!
You are too injured to fight recklessly!
You are too injured to fight recklessly!
The bat closely misses you.
The endoplasm attacks as it pursues you!
The endoplasm barely misses you.
The endoplasm attacks as it pursues you!
The endoplasm hits you.
* * * LOW HITPOINT WARNING * * *
The hobgoblin attacks as it pursues you!
The hobgoblin misses you.
You hit the hobgoblin.
The hobgoblin is moderately wounded.
The endoplasm hits you.
* * * LOW HITPOINT WARNING * * *
The hobgoblin hits you.
You die...

#############
#...........########
########...................
.................g.........
)....##.........@Jb........
#....##...#########.....(..
#....##.†.# #........
##'####...# #........ #.#
#...# #...(.... #.# #...#
#........ #.. #...#
#####.... ^.. #...# ....
#...#


You could see an endoplasm, a hobgoblin and a bat.

Vanquished Creatures
  A bat (D:1)
  A hobgoblin (D:1)
  A kobold (D:1)
  A rat (D:1)
4 creatures vanquished.

Notes
Turn   | Place    | Note
-------+----------+-------------------------------------------
     0 | D:1      | Gabide the Demigod Wanderer began the quest for the Orb.
     0 | D:1      | Gabide set off with the following items: a +0 dagger, 9
                  | poisoned darts, a potion of attraction, a +0 leather
                  | armour; and the following spells available to memorise:
                  | Slow, Foxfire, Confusing Touch, Inner Flame, Tukima's
                  | Dance.
     0 | D:1      | Reached XP level 1. HP: 14/14 MP: 5/5
   185 | D:1      | Slain by a hobgoblin

Illustrated notes

Levels and vault maps discovered:
D:1:      lemuel_arrival_lava_pool, layout_basic

Action                     || total
---------------------------++-------
  Melee: Dagger            ||    16
         Short sword       ||    13
  Throw: Dart              ||     3
 Armour: Leather armour    ||    21
  Dodge: Dodged            ||    28
